 Dungeon Sprint DCSS version 0.21.1-1-g345015f (webtiles) character file.

8257 Gingerlord the Commander (level 11, -6/95 HPs)
             Began as a Demonspawn Fighter on July 7, 2018.
             Was a High Priest of Okawaru.
             Mangled by an orc knight
             ... wielding a +0 great mace
              (23 damage)
             ... in the Dungeon (Sprint IX: "|||||||||||||||||||||||||||||").
             The game lasted 00:05:50 (2328 turns).

Gingerlord the Commander (Demonspawn Fighter)       Turns: 2328, Time: 00:05:51

Health: -6/95      AC: 22    Str: 19    XL:     11   Next: 7%
Magic:  20/20      EV: 20    Int: 10    God:    Okawaru [*****.]
Gold:   768        SH:  0    Dex: 25    Spells: 10/10 levels left

rFire    . . .     SeeInvis .   f - +6 great sword "Jutoofox" {pain, *Contam Str+3 Dex+3 Stlth+}
rCold    . . .     Gourm    .   (shield currently unavailable)
rNeg     . . .     Faith    .   r - +1 chain mail
rPois    .         Spirit   .   (no helmet)
rElec    .         Reflect  .   x - +0 cloak
rCorr    .         Harm     .   y - +0 pair of gloves
MR       .....     NoTele   +   q - +0 pair of boots
Stlth    ++........             (no amulet)
HPRegen  0.25/turn              s - +3 ring of dexterity
MPRegen  0.17/turn              t - +3 ring of dexterity

@: heroism, finesse
A: claws 2, yellow scales 2, demonic guardian 1, powered by pain 2
a: Heroism, Finesse, Renounce Religion


You were in the Dungeon.
You worshipped Okawaru.
Okawaru was extremely pleased with you.
You were not hungry.

You visited 1 branch You collected 768 gold pieces.

Inventory:

Hand Weapons
 f - the +6 great sword "Jutoofox" (weapon) {pain, *Contam Str+3 Dex+3 Stlth+}
   (Okawaru gifted it to you in the Dungeon)

   In the hands of one skilled in necromantic magic, it inflicts extra damage on
   living creatures.
   It affects your strength (+3).
   It affects your dexterity (+3).
   It causes magical contamination when unequipped.
   It makes you more stealthy.
 p - a +2 scimitar of flaming
Armour
 c - a +0 shield
 q - a +0 pair of boots (worn)
 r - a +1 chain mail (worn)
 x - a +0 cloak (worn)
 y - a +0 pair of gloves (worn)
Jewellery
 s - a +3 ring of dexterity (left hand)
 t - a +3 ring of dexterity (right hand)
Wands
 o - a wand of iceblast (9)
Scrolls
 k - 3 scrolls of blinking
 m - 4 scrolls of remove curse
 n - 3 scrolls of amnesia
 u - a scroll of fog
 v - 2 scrolls of enchant weapon
 w - a scroll of fear
Potions
 a - a potion of agility
 b - a potion of might
 d - 3 potions of brilliance
 e - a potion of invisibility
 g - 4 potions of heal wounds
 h - a potion of haste
 i - 4 potions of magic
 j - a potion of berserk rage
 l - 4 potions of curing
Comestibles
 z - 9 rations


   Skills:
 + Level 11.7(16.7) Fighting
 + Level 10.6(15.6) Long Blades
 + Level 10.7(15.7) Armour
 + Level 10.5(15.5) Dodging
 + Level 11.0(16.0) Shields
 + Level 12.8 Invocations


You had 10 spell levels left.
You didn't know any spells.

Dungeon Overview and Level Annotations

Branches:
Dungeon (1/1)

Altars:
Cheibriados
Dithmenos
Elyvilon
Fedhas
Gozag
Hepliaklqana
Kikubaaqudgha
Makhleb
Nemelex Xobeh
Okawaru
Qazlal
Ru
Sif Muna
Trog
Uskayaw
Vehumet
Wu Jian
Xom
Yredelemnul
Zin
The Shining One
Beogh
Jiyva
Lugonu

Shops:
D *


Innate Abilities, Weirdness & Mutations

You have very sharp fingernails.
You are mostly covered in yellow scales. (AC +3)
A weak demonic guardian rushes to your aid.
You sometimes gain power by taking damage.


Message History

The orc knight is lightly wounded.
The orc knight hits you with a great mace!
You slash the orc knight!
The orc knight is lightly wounded.
An orc warrior comes into view. It is wielding a flail.
You closely miss the orc knight.
The orc knight is lightly wounded.
You barely miss the orc knight.
The orc knight is lightly wounded.
The orc knight hits you with a great mace!!!
* * * LOW HITPOINT WARNING * * *
You slash the orc knight!
The orc knight is moderately wounded.
You hit the orc knight but do no damage.
The orc knight is moderately wounded.
Unknown command.
You slash the orc knight!
The orc knight is severely wounded.
The orc knight hits you with a great mace!!
You die...

▓▓▓▓▓▓▓▓▓▓▓▓▓▓▓▓▓▓▓▓▓▓▓▓
ooooooo@5....))))))'..))
▓▓▓▓▓▓▓▓▓▓▓▓▓▓▓▓▓▓▓▓▓▓▓▓▓▓▓▓▓▓▓▓▓
.................................
▓▓▓▓▓▓▓▓▓▓▓▓▓▓▓▓▓▓▓▓▓▓▓▓▓▓▓▓▓▓▓▓▓
.'..()......††'......÷÷.÷........
▓▓▓▓▓▓▓▓▓▓▓▓▓▓▓▓▓▓▓▓▓▓▓▓▓▓▓▓▓▓▓▓▓
.................................
▓▓▓▓▓▓▓▓▓▓▓▓▓▓▓▓▓▓▓▓▓▓▓▓▓▓▓▓▓▓▓▓▓
...)÷)..[.)|..'__________________


You could see 4 orc knights, 3 orc warriors and a friendly shadow imp.

Vanquished Creatures
  2 hydras (D)
  A tengu warrior (D)
  An orc knight (D)
  A black mamba (D)
  4 spiny frogs (D)
  A komodo dragon (D)
  A rime drake (D)
  A slime creature (D)
  A hippogriff (D)
  A wyvern (D)
  2 yaks (D)
  A basilisk (D)
  4 wargs (D)
  An acid dragon (D)
  2 porcupines (D)
  A hell hound (D)
  2 water moccasins (D)
  11 orc warriors (D)
  A phantom (D)
  3 wolves (D)
  3 bullfrogs (D)
  A howler monkey (D)
  A crimson imp (D)
  6 orc priests (D)
  An orc wizard (D)
  A worker ant (D)
  An adder (D)
  A dart slug (D)
  9 orcs (D)
  A bat zombie (D)
  A hobgoblin (D)
  A quokka (D)
  2 bats (D)
  A leopard gecko zombie (D)
  A rat (D)
73 creatures vanquished.

Notes
Turn   | Place    | Note
-------+----------+-------------------------------------------
     0 | D        | Gingerlord the Demonspawn Fighter began the quest for the Orb.
     0 | D        | Reached XP level 1. HP: 18/18 MP: 1/1
    21 | D        | Reached skill level 1 in Dodging
    61 | D        | Gained mutation: You have sharp fingernails. [demonic ancestry]
    61 | D        | Reached XP level 2. HP: 24/24 MP: 2/2
   347 | D        | Found a roughly hewn altar of Beogh.
   347 | D        | Found a snail-covered altar of Cheibriados.
   347 | D        | Found a shadowy altar of Dithmenos.
   347 | D        | Found a white marble altar of Elyvilon.
   347 | D        | Found a blossoming altar of Fedhas.
   347 | D        | Found an opulent altar of Gozag.
   348 | D        | Found a hazy altar of Hepliaklqana.
   349 | D        | Found a viscous altar of Jiyva.
   350 | D        | Found an ancient bone altar of Kikubaaqudgha.
   351 | D        | Found a corrupted altar of Lugonu.
   352 | D        | Found a burning altar of Makhleb.
   353 | D        | Found a sparkling altar of Nemelex Xobeh.
   354 | D        | Found an iron altar of Okawaru.
   355 | D        | Found a stormy altar of Qazlal.
   356 | D        | Found a sacrificial altar of Ru.
   357 | D        | Found a deep blue altar of Sif Muna.
   358 | D        | Found a bloodstained altar of Trog.
   359 | D        | Found a hide-covered altar of Uskayaw.
   360 | D        | Found a radiant altar of Vehumet.
   361 | D        | Found an ornate altar of the Wu Jian Council.
   362 | D        | Became a worshipper of Warmaster Okawaru
   363 | D        | Found a shimmering altar of Xom.
   364 | D        | Found a basalt altar of Yredelemnul.
   365 | D        | Found a glowing silver altar of Zin.
   366 | D        | Found a glowing golden altar of the Shining One.
   383 | D        | Found the +4 Vampire's Tooth {vamp}
   415 | D        | Noticed an orc warrior
   415 | D        | Noticed a crimson imp
   415 | D        | Noticed a yak
   415 | D        | Noticed a howler monkey
   415 | D        | Noticed a hippogriff
   419 | D        | Killed a hippogriff
   419 | D        | Reached * piety under Okawaru
   419 | D        | Reached skill level 5 in Fighting
   419 | D        | Reached skill level 5 in Armour
   419 | D        | Reached skill level 5 in Shields
   419 | D        | Reached XP level 3. HP: 18/34 MP: 3/3
   419 | D        | Gained mutation: You have very sharp fingernails. [demonic ancestry]
   419 | D        | Reached XP level 4. HP: 21/40 MP: 4/4
   419 | D        | Gained mutation: You are partially covered in yellow scales. (AC +2) [demonic ancestry]
   419 | D        | Reached XP level 5. HP: 25/46 MP: 5/5
   420 | D        | Reached skill level 5 in Long Blades
   420 | D        | Reached skill level 1 in Invocations
   424 | D        | Reached skill level 2 in Invocations
   428 | D        | Killed a yak
   428 | D        | Reached ** piety under Okawaru
   428 | D        | Reached skill level 5 in Dodging
   428 | D        | Reached skill level 4 in Invocations
   428 | D        | Gained mutation: You are mostly covered in yellow scales. (AC +3) [demonic ancestry]
   428 | D        | Reached XP level 6. HP: 21/53 MP: 5/9
   436 | D        | Killed an orc warrior
   436 | D        | Reached skill level 5 in Invocations
   436 | D        | Gained mutation: A weak demonic guardian rushes to your aid. [demonic ancestry]
   436 | D        | Reached XP level 7. HP: 20/60 MP: 6/10
   637 | D        | Noticed a tengu warrior
   637 | D        | Noticed a wyvern
   637 | D        | Noticed a slime creature
   650 | D        | Killed a slime creature
   658 | D        | Reached skill level 6 in Invocations
   664 | D        | Reached *** piety under Okawaru
   669 | D        | Killed a wyvern
   669 | D        | Reached skill level 7 in Invocations
   669 | D        | Gained mutation: You sometimes gain a little power by taking damage. [demonic ancestry]
   669 | D        | Reached XP level 8. HP: 46/68 MP: 10/13
   683 | D        | Killed a tengu warrior
   683 | D        | Reached skill level 8 in Invocations
   939 | D        | Noticed a black mamba
   939 | D        | Noticed a komodo dragon
   944 | D        | Noticed a spiny frog
   951 | D        | Noticed a six-headed hydra
   967 | D        | Reached **** piety under Okawaru
   967 | D        | Reached XP level 9. HP: 51/76 MP: 15/15
   975 | D        | Killed a komodo dragon
   975 | D        | Reached skill level 9 in Invocations
   981 | D        | Killed a one-headed hydra
   981 | D        | Reached skill level 10 in Invocations
   988 | D        | Killed a black mamba
   988 | D        | Reached skill level 10 in Fighting
   994 | D        | Killed a spiny frog
  1003 | D        | Reached ***** piety under Okawaru
  1232 | D        | Noticed a rime drake
  1232 | D        | Noticed a spiny frog
  1232 | D        | Noticed a spiny frog
  1232 | D        | Noticed an eight-headed hydra
  1236 | D        | Noticed a spiny frog
  1241 | D        | Killed a three-headed hydra
  1241 | D        | Received a gift from Okawaru
  1241 | D        | Reached skill level 11 in Invocations
  1241 | D        | Gained mutation: You sometimes gain power by taking damage. [demonic ancestry]
  1241 | D        | Reached XP level 10. HP: 84/86 MP: 14/18
  1245 | D        | Killed a spiny frog
  1245 | D        | Reached skill level 10 in Shields
  1268 | D        | Killed a spiny frog
  1275 | D        | Reached skill level 10 in Armour
  1281 | D        | Killed a spiny frog
  1286 | D        | Reached skill level 10 in Long Blades
  1293 | D        | Got a transparent great sword {god gift}
  1299 | D        | Identified the +6 great sword "Jutoofox" {pain, *Contam Str+3 Dex+3 Stlth+} (Okawaru gifted it to you in the Dungeon)
  1501 | D        | Reached skill level 10 in Dodging
  1511 | D        | Reached skill level 12 in Invocations
  1999 | D        | Noticed an orc knight
  2016 | D        | Killed an orc knight
  2016 | D        | Reached XP level 11. HP: 52/93 MP: 20/20
  2317 | D        | Found Izarghi's Assorted Antiques.
  2317 | D        | Noticed an orc knight
  2317 | D        | Noticed an orc knight
  2317 | D        | Noticed an orc knight
  2317 | D        | Noticed an orc knight
  2328 | D        | Mangled by an orc knight

Skill      XL: |  1  2  3  4  5  6  7  8  9 10 11 |
---------------+----------------------------------+-----
Long Blades    | 2 4 5 6 7 8 9 10 | 10.6
Shields        | 3 5 6 7 8 9 10 11 | 11.0
Armour         | 3 5 6 7 8 9 10 | 10.7
Dodging        | 1 4 5 6 7 9 10 | 10.5
Fighting       | 5 6 7 8 9 10 11 | 11.7
Invocations    | 4 5 7 8 11 12 | 12.8

Action                   |  1- 3 |  4- 6 |  7- 9 | 10-12 || total
-------------------------+-------+-------+-------+-------++-------
Melee: Long sword        |    43 |       |       |       ||    43
       Scimitar          |     3 |    16 |   102 |    43 ||   164
       Great sword       |       |       |       |    96 ||    96
Invok: Heroism           |       |       |     3 |     3 ||     6
       Finesse           |       |       |       |     2 ||     2
Evoke: Wand              |       |       |     1 |       ||     1
  Use: Potion            |     2 |       |     1 |       ||     3
  Eat: Ration            |       |       |     1 |     1 ||     2
Armor: Scale mail        |    23 |       |       |       ||    23
       Chain mail        |     4 |     6 |    30 |    18 ||    58
Dodge: Dodged            |    14 |     3 |    35 |    75 ||   127
Block: Shield            |    28 |     6 |    55 |    21 ||   110
       Rpst.: Long sword |     5 |       |       |       ||     5
       Scimitar          |       |     2 |     5 |     7 ||    14
       Great sword       |       |       |       |    16 ||    16
